%YAML 1.1
%TAG !u! tag:unity3d.com,2011:
--- !u!1 &2147500020955935197
GameObject:
  m_ObjectHideFlags: 0
  m_CorrespondingSourceObject: {fileID: 0}
  m_PrefabInstance: {fileID: 0}
  m_PrefabAsset: {fileID: 0}
  serializedVersion: 6
  m_Component:
  - component: {fileID: 2147500020955935198}
  - component: {fileID: 370709926}
  m_Layer: 0
  m_Name: Roomobjects
  m_TagString: Untagged
  m_Icon: {fileID: 0}
  m_NavMeshLayer: 0
  m_StaticEditorFlags: 0
  m_IsActive: 1
--- !u!4 &2147500020955935198
Transform:
  m_ObjectHideFlags: 0
  m_CorrespondingSourceObject: {fileID: 0}
  m_PrefabInstance: {fileID: 0}
  m_PrefabAsset: {fileID: 0}
  m_GameObject: {fileID: 2147500020955935197}
  m_LocalRotation: {x: 0, y: 0, z: 0, w: 1}
  m_LocalPosition: {x: 0, y: 0, z: 0}
  m_LocalScale: {x: 1, y: 1, z: 1}
  m_Children:
  - {fileID: 8899978491451332761}
  - {fileID: 7371430753658410009}
  - {fileID: 1701605222997621175}
  - {fileID: 3175433434775651597}
  - {fileID: 5510305180558175615}
  - {fileID: 7397758822598539839}
  - {fileID: 8914150583768724337}
  - {fileID: 8090883509210236045}
  - {fileID: 672514782238058170}
  - {fileID: 4413762328379865495}
  - {fileID: 5142144822647147536}
  - {fileID: 2087207325652110712}
  m_Father: {fileID: 2147500021130979373}
  m_RootOrder: 1
  m_LocalEulerAnglesHint: {x: 0, y: 0, z: 0}
--- !u!114 &370709926
MonoBehaviour:
  m_ObjectHideFlags: 0
  m_CorrespondingSourceObject: {fileID: 0}
  m_PrefabInstance: {fileID: 0}
  m_PrefabAsset: {fileID: 0}
  m_GameObject: {fileID: 2147500020955935197}
  m_Enabled: 1
  m_EditorHideFlags: 0
  m_Script: {fileID: 11500000, guid: 77a070b399f598e46bab360e7bbe0d36, type: 3}
  m_Name: 
  m_EditorClassIdentifier: 
  threshold: 0.465
  superFast: 0
  whatToFlicker: {fileID: 4647676445288805564}
  warningLights: []
--- !u!1 &2147500021130979372
GameObject:
  m_ObjectHideFlags: 0
  m_CorrespondingSourceObject: {fileID: 0}
  m_PrefabInstance: {fileID: 0}
  m_PrefabAsset: {fileID: 0}
  serializedVersion: 6
  m_Component:
  - component: {fileID: 2147500021130979373}
  m_Layer: 0
  m_Name: 150_Level
  m_TagString: Level
  m_Icon: {fileID: 0}
  m_NavMeshLayer: 0
  m_StaticEditorFlags: 0
  m_IsActive: 1
--- !u!4 &2147500021130979373
Transform:
  m_ObjectHideFlags: 0
  m_CorrespondingSourceObject: {fileID: 0}
  m_PrefabInstance: {fileID: 0}
  m_PrefabAsset: {fileID: 0}
  m_GameObject: {fileID: 2147500021130979372}
  m_LocalRotation: {x: 0, y: 0, z: 0, w: 1}
  m_LocalPosition: {x: 0, y: 0, z: -0.4218712}
  m_LocalScale: {x: 1, y: 1, z: 1}
  m_Children:
  - {fileID: 8948540550377859505}
  - {fileID: 2147500020955935198}
  - {fileID: 4067963827884310815}
  m_Father: {fileID: 0}
  m_RootOrder: 0
  m_LocalEulerAnglesHint: {x: 0, y: 0, z: 0}
--- !u!1001 &363785300325006101
PrefabInstance:
  m_ObjectHideFlags: 0
  serializedVersion: 2
  m_Modification:
    m_TransformParent: {fileID: 2147500020955935198}
    m_Modifications:
    - target: {fileID: 7222378659213646929, guid: 07729694549aa264cb5d0a6e78c0d328,
        type: 3}
      propertyPath: m_Name
      value: Plant (5)
      objectReference: {fileID: 0}
    - target: {fileID: 889791244775906735, guid: 07729694549aa264cb5d0a6e78c0d328,
        type: 3}
      propertyPath: m_LocalPosition.x
      value: 2.31
      objectReference: {fileID: 0}
    - target: {fileID: 889791244775906735, guid: 07729694549aa264cb5d0a6e78c0d328,
        type: 3}
      propertyPath: m_LocalPosition.y
      value: 0.08
      objectReference: {fileID: 0}
    - target: {fileID: 889791244775906735, guid: 07729694549aa264cb5d0a6e78c0d328,
        type: 3}
      propertyPath: m_LocalPosition.z
      value: 2.21
      objectReference: {fileID: 0}
    - target: {fileID: 889791244775906735, guid: 07729694549aa264cb5d0a6e78c0d328,
        type: 3}
      propertyPath: m_LocalRotation.x
      value: -0
      objectReference: {fileID: 0}
    - target: {fileID: 889791244775906735, guid: 07729694549aa264cb5d0a6e78c0d328,
        type: 3}
      propertyPath: m_LocalRotation.y
      value: -0
      objectReference: {fileID: 0}
    - target: {fileID: 889791244775906735, guid: 07729694549aa264cb5d0a6e78c0d328,
        type: 3}
      propertyPath: m_LocalRotation.z
      value: -0
      objectReference: {fileID: 0}
    - target: {fileID: 889791244775906735, guid: 07729694549aa264cb5d0a6e78c0d328,
        type: 3}
      propertyPath: m_LocalRotation.w
      value: 1
      objectReference: {fileID: 0}
    - target: {fileID: 889791244775906735, guid: 07729694549aa264cb5d0a6e78c0d328,
        type: 3}
      propertyPath: m_RootOrder
      value: 8
      objectReference: {fileID: 0}
    - target: {fileID: 889791244775906735, guid: 07729694549aa264cb5d0a6e78c0d328,
        type: 3}
      propertyPath: m_LocalEulerAnglesHint.x
      value: 0
      objectReference: {fileID: 0}
    - target: {fileID: 889791244775906735, guid: 07729694549aa264cb5d0a6e78c0d328,
        type: 3}
      propertyPath: m_LocalEulerAnglesHint.y
      value: 0
      objectReference: {fileID: 0}
    - target: {fileID: 889791244775906735, guid: 07729694549aa264cb5d0a6e78c0d328,
        type: 3}
      propertyPath: m_LocalEulerAnglesHint.z
      value: 0
      objectReference: {fileID: 0}
    m_RemovedComponents: []
  m_SourcePrefab: {fileID: 100100000, guid: 07729694549aa264cb5d0a6e78c0d328, type: 3}
--- !u!4 &672514782238058170 stripped
Transform:
  m_CorrespondingSourceObject: {fileID: 889791244775906735, guid: 07729694549aa264cb5d0a6e78c0d328,
    type: 3}
  m_PrefabInstance: {fileID: 363785300325006101}
  m_PrefabAsset: {fileID: 0}
--- !u!1001 &501230765175007007
PrefabInstance:
  m_ObjectHideFlags: 0
  serializedVersion: 2
  m_Modification:
    m_TransformParent: {fileID: 4051698318327951524}
    m_Modifications:
    - target: {fileID: 858725458636256611, guid: f7c3b94c5abfccf49a08b5dafd4888f2,
        type: 3}
      propertyPath: m_Name
      value: BoatLampRed (1)
      objectReference: {fileID: 0}
    - target: {fileID: 5417373216943565246, guid: f7c3b94c5abfccf49a08b5dafd4888f2,
        type: 3}
      propertyPath: m_LocalPosition.x
      value: -2.92
      objectReference: {fileID: 0}
    - target: {fileID: 5417373216943565246, guid: f7c3b94c5abfccf49a08b5dafd4888f2,
        type: 3}
      propertyPath: m_LocalPosition.y
      value: 0.01
      objectReference: {fileID: 0}
    - target: {fileID: 5417373216943565246, guid: f7c3b94c5abfccf49a08b5dafd4888f2,
        type: 3}
      propertyPath: m_LocalPosition.z
      value: 5.1
      objectReference: {fileID: 0}
    - target: {fileID: 5417373216943565246, guid: f7c3b94c5abfccf49a08b5dafd4888f2,
        type: 3}
      propertyPath: m_LocalRotation.x
      value: 0.6830127
      objectReference: {fileID: 0}
    - target: {fileID: 5417373216943565246, guid: f7c3b94c5abfccf49a08b5dafd4888f2,
        type: 3}
      propertyPath: m_LocalRotation.y
      value: 0.18301266
      objectReference: {fileID: 0}
    - target: {fileID: 5417373216943565246, guid: f7c3b94c5abfccf49a08b5dafd4888f2,
        type: 3}
      propertyPath: m_LocalRotation.z
      value: 0.18301266
      objectReference: {fileID: 0}
    - target: {fileID: 5417373216943565246, guid: f7c3b94c5abfccf49a08b5dafd4888f2,
        type: 3}
      propertyPath: m_LocalRotation.w
      value: -0.6830127
      objectReference: {fileID: 0}
    - target: {fileID: 5417373216943565246, guid: f7c3b94c5abfccf49a08b5dafd4888f2,
        type: 3}
      propertyPath: m_RootOrder
      value: 4
      objectReference: {fileID: 0}
    - target: {fileID: 5417373216943565246, guid: f7c3b94c5abfccf49a08b5dafd4888f2,
        type: 3}
      propertyPath: m_LocalEulerAnglesHint.x
      value: 270
      objectReference: {fileID: 0}
    - target: {fileID: 5417373216943565246, guid: f7c3b94c5abfccf49a08b5dafd4888f2,
        type: 3}
      propertyPath: m_LocalEulerAnglesHint.y
      value: -30
      objectReference: {fileID: 0}
    - target: {fileID: 5417373216943565246, guid: f7c3b94c5abfccf49a08b5dafd4888f2,
        type: 3}
      propertyPath: m_LocalEulerAnglesHint.z
      value: 0
      objectReference: {fileID: 0}
    - target: {fileID: 5417373216943565246, guid: f7c3b94c5abfccf49a08b5dafd4888f2,
        type: 3}
      propertyPath: m_LocalScale.x
      value: 1.4081067
      objectReference: {fileID: 0}
    - target: {fileID: 5417373216943565246, guid: f7c3b94c5abfccf49a08b5dafd4888f2,
        type: 3}
      propertyPath: m_LocalScale.y
      value: 0.90504277
      objectReference: {fileID: 0}
    - target: {fileID: 5417373216943565246, guid: f7c3b94c5abfccf49a08b5dafd4888f2,
        type: 3}
      propertyPath: m_LocalScale.z
      value: 0.23366968
      objectReference: {fileID: 0}
    m_RemovedComponents: []
  m_SourcePrefab: {fileID: 100100000, guid: f7c3b94c5abfccf49a08b5dafd4888f2, type: 3}
--- !u!1001 &1158602316556894451
PrefabInstance:
  m_ObjectHideFlags: 0
  serializedVersion: 2
  m_Modification:
    m_TransformParent: {fileID: 2147500020955935198}
    m_Modifications:
    - target: {fileID: 5794993288590275663, guid: 5ef17dc7d8984bb4e89dc2154b1a2ce3,
        type: 3}
      propertyPath: m_Name
      value: GlassWall (1)
      objectReference: {fileID: 0}
    - target: {fileID: 928707624730873227, guid: 5ef17dc7d8984bb4e89dc2154b1a2ce3,
        type: 3}
      propertyPath: m_LocalPosition.x
      value: 3.14
      objectReference: {fileID: 0}
    - target: {fileID: 928707624730873227, guid: 5ef17dc7d8984bb4e89dc2154b1a2ce3,
        type: 3}
      propertyPath: m_LocalPosition.y
      value: 0.13547
      objectReference: {fileID: 0}
    - target: {fileID: 928707624730873227, guid: 5ef17dc7d8984bb4e89dc2154b1a2ce3,
        type: 3}
      propertyPath: m_LocalPosition.z
      value: 0.76
      objectReference: {fileID: 0}
    - target: {fileID: 928707624730873227, guid: 5ef17dc7d8984bb4e89dc2154b1a2ce3,
        type: 3}
      propertyPath: m_LocalRotation.x
      value: -0
      objectReference: {fileID: 0}
    - target: {fileID: 928707624730873227, guid: 5ef17dc7d8984bb4e89dc2154b1a2ce3,
        type: 3}
      propertyPath: m_LocalRotation.y
      value: -0
      objectReference: {fileID: 0}
    - target: {fileID: 928707624730873227, guid: 5ef17dc7d8984bb4e89dc2154b1a2ce3,
        type: 3}
      propertyPath: m_LocalRotation.z
      value: -0
      objectReference: {fileID: 0}
    - target: {fileID: 928707624730873227, guid: 5ef17dc7d8984bb4e89dc2154b1a2ce3,
        type: 3}
      propertyPath: m_LocalRotation.w
      value: 1
      objectReference: {fileID: 0}
    - target: {fileID: 928707624730873227, guid: 5ef17dc7d8984bb4e89dc2154b1a2ce3,
        type: 3}
      propertyPath: m_RootOrder
      value: 11
      objectReference: {fileID: 0}
    - target: {fileID: 928707624730873227, guid: 5ef17dc7d8984bb4e89dc2154b1a2ce3,
        type: 3}
      propertyPath: m_LocalEulerAnglesHint.x
      value: 0
      objectReference: {fileID: 0}
    - target: {fileID: 928707624730873227, guid: 5ef17dc7d8984bb4e89dc2154b1a2ce3,
        type: 3}
      propertyPath: m_LocalEulerAnglesHint.y
      value: 0
      objectReference: {fileID: 0}
    - target: {fileID: 928707624730873227, guid: 5ef17dc7d8984bb4e89dc2154b1a2ce3,
        type: 3}
      propertyPath: m_LocalEulerAnglesHint.z
      value: 0
      objectReference: {fileID: 0}
    - target: {fileID: 928707624730873227, guid: 5ef17dc7d8984bb4e89dc2154b1a2ce3,
        type: 3}
      propertyPath: m_LocalScale.x
      value: 0.84
      objectReference: {fileID: 0}
    - target: {fileID: 928707624730873227, guid: 5ef17dc7d8984bb4e89dc2154b1a2ce3,
        type: 3}
      propertyPath: m_LocalScale.y
      value: 0.6
      objectReference: {fileID: 0}
    - target: {fileID: 4385082635552234051, guid: 5ef17dc7d8984bb4e89dc2154b1a2ce3,
        type: 3}
      propertyPath: m_CastShadows
      value: 1
      objectReference: {fileID: 0}
    m_RemovedComponents: []
  m_SourcePrefab: {fileID: 100100000, guid: 5ef17dc7d8984bb4e89dc2154b1a2ce3, type: 3}
--- !u!4 &2087207325652110712 stripped
Transform:
  m_CorrespondingSourceObject: {fileID: 928707624730873227, guid: 5ef17dc7d8984bb4e89dc2154b1a2ce3,
    type: 3}
  m_PrefabInstance: {fileID: 1158602316556894451}
  m_PrefabAsset: {fileID: 0}
--- !u!1 &4647676445288805564 stripped
GameObject:
  m_CorrespondingSourceObject: {fileID: 5794993288590275663, guid: 5ef17dc7d8984bb4e89dc2154b1a2ce3,
    type: 3}
  m_PrefabInstance: {fileID: 1158602316556894451}
  m_PrefabAsset: {fileID: 0}
--- !u!1001 &2147500020699922762
PrefabInstance:
  m_ObjectHideFlags: 0
  serializedVersion: 2
  m_Modification:
    m_TransformParent: {fileID: 2147500021130979373}
    m_Modifications:
    - target: {fileID: 2718270269496508500, guid: 7e9d2267f9b1b584a8cf00742bba0132,
        type: 3}
      propertyPath: m_Name
      value: SurveillanceCam
      objectReference: {fileID: 0}
    - target: {fileID: 2718270269496508501, guid: 7e9d2267f9b1b584a8cf00742bba0132,
        type: 3}
      propertyPath: m_LocalPosition.x
      value: 0.17
      objectReference: {fileID: 0}
    - target: {fileID: 2718270269496508501, guid: 7e9d2267f9b1b584a8cf00742bba0132,
        type: 3}
      propertyPath: m_LocalPosition.y
      value: 7.03
      objectReference: {fileID: 0}
    - target: {fileID: 2718270269496508501, guid: 7e9d2267f9b1b584a8cf00742bba0132,
        type: 3}
      propertyPath: m_LocalPosition.z
      value: 5.41
      objectReference: {fileID: 0}
    - target: {fileID: 2718270269496508501, guid: 7e9d2267f9b1b584a8cf00742bba0132,
        type: 3}
      propertyPath: m_LocalRotation.x
      value: -0
      objectReference: {fileID: 0}
    - target: {fileID: 2718270269496508501, guid: 7e9d2267f9b1b584a8cf00742bba0132,
        type: 3}
      propertyPath: m_LocalRotation.y
      value: 0.012362002
      objectReference: {fileID: 0}
    - target: {fileID: 2718270269496508501, guid: 7e9d2267f9b1b584a8cf00742bba0132,
        type: 3}
      propertyPath: m_LocalRotation.z
      value: -0
      objectReference: {fileID: 0}
    - target: {fileID: 2718270269496508501, guid: 7e9d2267f9b1b584a8cf00742bba0132,
        type: 3}
      propertyPath: m_LocalRotation.w
      value: 0.9999236
      objectReference: {fileID: 0}
    - target: {fileID: 2718270269496508501, guid: 7e9d2267f9b1b584a8cf00742bba0132,
        type: 3}
      propertyPath: m_RootOrder
      value: 2
      objectReference: {fileID: 0}
    - target: {fileID: 2718270269496508501, guid: 7e9d2267f9b1b584a8cf00742bba0132,
        type: 3}
      propertyPath: m_LocalEulerAnglesHint.x
      value: 0
      objectReference: {fileID: 0}
    - target: {fileID: 2718270269496508501, guid: 7e9d2267f9b1b584a8cf00742bba0132,
        type: 3}
      propertyPath: m_LocalEulerAnglesHint.y
      value: 1.417
      objectReference: {fileID: 0}
    - target: {fileID: 2718270269496508501, guid: 7e9d2267f9b1b584a8cf00742bba0132,
        type: 3}
      propertyPath: m_LocalEulerAnglesHint.z
      value: 0
      objectReference: {fileID: 0}
    - target: {fileID: 2718270267710067651, guid: 7e9d2267f9b1b584a8cf00742bba0132,
        type: 3}
      propertyPath: m_LocalRotation.x
      value: -0.42134434
      objectReference: {fileID: 0}
    - target: {fileID: 2718270267710067651, guid: 7e9d2267f9b1b584a8cf00742bba0132,
        type: 3}
      propertyPath: m_LocalRotation.y
      value: 0.0025996107
      objectReference: {fileID: 0}
    - target: {fileID: 2718270267710067651, guid: 7e9d2267f9b1b584a8cf00742bba0132,
        type: 3}
      propertyPath: m_LocalRotation.z
      value: 0.0055952673
      objectReference: {fileID: 0}
    - target: {fileID: 2718270267710067651, guid: 7e9d2267f9b1b584a8cf00742bba0132,
        type: 3}
      propertyPath: m_LocalRotation.w
      value: 0.9068798
      objectReference: {fileID: 0}
    - target: {fileID: 2718270267710067651, guid: 7e9d2267f9b1b584a8cf00742bba0132,
        type: 3}
      propertyPath: m_LocalPosition.x
      value: -0.014
      objectReference: {fileID: 0}
    - target: {fileID: 2718270267710067651, guid: 7e9d2267f9b1b584a8cf00742bba0132,
        type: 3}
      propertyPath: m_LocalPosition.y
      value: -0.426
      objectReference: {fileID: 0}
    - target: {fileID: 2718270267710067651, guid: 7e9d2267f9b1b584a8cf00742bba0132,
        type: 3}
      propertyPath: m_LocalPosition.z
      value: -0.399
      objectReference: {fileID: 0}
    - target: {fileID: 2718270267710067651, guid: 7e9d2267f9b1b584a8cf00742bba0132,
        type: 3}
      propertyPath: m_LocalEulerAnglesHint.x
      value: -49.84
      objectReference: {fileID: 0}
    - target: {fileID: 2718270267710067651, guid: 7e9d2267f9b1b584a8cf00742bba0132,
        type: 3}
      propertyPath: m_LocalEulerAnglesHint.z
      value: 0.707
      objectReference: {fileID: 0}
    - target: {fileID: 1481731139308192114, guid: 7e9d2267f9b1b584a8cf00742bba0132,
        type: 3}
      propertyPath: m_Enabled
      value: 0
      objectReference: {fileID: 0}
    - target: {fileID: 1481731139308192114, guid: 7e9d2267f9b1b584a8cf00742bba0132,
        type: 3}
      propertyPath: speed
      value: 0.5
      objectReference: {fileID: 0}
    - target: {fileID: 1481731139308192114, guid: 7e9d2267f9b1b584a8cf00742bba0132,
        type: 3}
      propertyPath: seesaw
      value: 1
      objectReference: {fileID: 0}
    - target: {fileID: 1481731139308192114, guid: 7e9d2267f9b1b584a8cf00742bba0132,
        type: 3}
      propertyPath: seesawDegreeRange
      value: 60
      objectReference: {fileID: 0}
    - target: {fileID: 1481731139308192114, guid: 7e9d2267f9b1b584a8cf00742bba0132,
        type: 3}
      propertyPath: phaseShifter
      value: 180
      objectReference: {fileID: 0}
    - target: {fileID: 1481731139308192114, guid: 7e9d2267f9b1b584a8cf00742bba0132,
        type: 3}
      propertyPath: yAxis
      value: 1
      objectReference: {fileID: 0}
    - target: {fileID: 2718270267675554836, guid: 7e9d2267f9b1b584a8cf00742bba0132,
        type: 3}
      propertyPath: m_SpotAngle
      value: 94
      objectReference: {fileID: 0}
    - target: {fileID: 2718270267675554922, guid: 7e9d2267f9b1b584a8cf00742bba0132,
        type: 3}
      propertyPath: spotAngle
      value: 94
      objectReference: {fileID: 0}
    m_RemovedComponents: []
  m_SourcePrefab: {fileID: 100100000, guid: 7e9d2267f9b1b584a8cf00742bba0132, type: 3}
--- !u!4 &4067963827884310815 stripped
Transform:
  m_CorrespondingSourceObject: {fileID: 2718270269496508501, guid: 7e9d2267f9b1b584a8cf00742bba0132,
    type: 3}
  m_PrefabInstance: {fileID: 2147500020699922762}
  m_PrefabAsset: {fileID: 0}
--- !u!1001 &2147500022101779702
PrefabInstance:
  m_ObjectHideFlags: 0
  serializedVersion: 2
  m_Modification:
    m_TransformParent: {fileID: 2147500021130979373}
    m_Modifications:
    - target: {fileID: 7053457099664543046, guid: f4bd71c34b7afd740a9a4aab50340f80,
        type: 3}
      propertyPath: m_Name
      value: RoomTemplate
      objectReference: {fileID: 0}
    - target: {fileID: 7053457099664543047, guid: f4bd71c34b7afd740a9a4aab50340f80,
        type: 3}
      propertyPath: m_LocalPosition.x
      value: 1.4499998
      objectReference: {fileID: 0}
    - target: {fileID: 7053457099664543047, guid: f4bd71c34b7afd740a9a4aab50340f80,
        type: 3}
      propertyPath: m_LocalPosition.y
      value: -0.1040535
      objectReference: {fileID: 0}
    - target: {fileID: 7053457099664543047, guid: f4bd71c34b7afd740a9a4aab50340f80,
        type: 3}
      propertyPath: m_LocalPosition.z
      value: 0
      objectReference: {fileID: 0}
    - target: {fileID: 7053457099664543047, guid: f4bd71c34b7afd740a9a4aab50340f80,
        type: 3}
      propertyPath: m_LocalRotation.x
      value: -0
      objectReference: {fileID: 0}
    - target: {fileID: 7053457099664543047, guid: f4bd71c34b7afd740a9a4aab50340f80,
        type: 3}
      propertyPath: m_LocalRotation.y
      value: -0
      objectReference: {fileID: 0}
    - target: {fileID: 7053457099664543047, guid: f4bd71c34b7afd740a9a4aab50340f80,
        type: 3}
      propertyPath: m_LocalRotation.z
      value: -0
      objectReference: {fileID: 0}
    - target: {fileID: 7053457099664543047, guid: f4bd71c34b7afd740a9a4aab50340f80,
        type: 3}
      propertyPath: m_LocalRotation.w
      value: 1
      objectReference: {fileID: 0}
    - target: {fileID: 7053457099664543047, guid: f4bd71c34b7afd740a9a4aab50340f80,
        type: 3}
      propertyPath: m_RootOrder
      value: 0
      objectReference: {fileID: 0}
    - target: {fileID: 7053457099664543047, guid: f4bd71c34b7afd740a9a4aab50340f80,
        type: 3}
      propertyPath: m_LocalEulerAnglesHint.x
      value: 0
      objectReference: {fileID: 0}
    - target: {fileID: 7053457099664543047, guid: f4bd71c34b7afd740a9a4aab50340f80,
        type: 3}
      propertyPath: m_LocalEulerAnglesHint.y
      value: 0
      objectReference: {fileID: 0}
    - target: {fileID: 7053457099664543047, guid: f4bd71c34b7afd740a9a4aab50340f80,
        type: 3}
      propertyPath: m_LocalEulerAnglesHint.z
      value: 0
      objectReference: {fileID: 0}
    m_RemovedComponents: []
  m_SourcePrefab: {fileID: 100100000, guid: f4bd71c34b7afd740a9a4aab50340f80, type: 3}
--- !u!4 &8948540550377859505 stripped
Transform:
  m_CorrespondingSourceObject: {fileID: 7053457099664543047, guid: f4bd71c34b7afd740a9a4aab50340f80,
    type: 3}
  m_PrefabInstance: {fileID: 2147500022101779702}
  m_PrefabAsset: {fileID: 0}
--- !u!1001 &2326192281912957090
PrefabInstance:
  m_ObjectHideFlags: 0
  serializedVersion: 2
  m_Modification:
    m_TransformParent: {fileID: 2147500020955935198}
    m_Modifications:
    - target: {fileID: 7222378659213646929, guid: 07729694549aa264cb5d0a6e78c0d328,
        type: 3}
      propertyPath: m_Name
      value: Plant
      objectReference: {fileID: 0}
    - target: {fileID: 889791244775906735, guid: 07729694549aa264cb5d0a6e78c0d328,
        type: 3}
      propertyPath: m_LocalPosition.x
      value: -4.144647
      objectReference: {fileID: 0}
    - target: {fileID: 889791244775906735, guid: 07729694549aa264cb5d0a6e78c0d328,
        type: 3}
      propertyPath: m_LocalPosition.y
      value: 0.08
      objectReference: {fileID: 0}
    - target: {fileID: 889791244775906735, guid: 07729694549aa264cb5d0a6e78c0d328,
        type: 3}
      propertyPath: m_LocalPosition.z
      value: 4.701145
      objectReference: {fileID: 0}
    - target: {fileID: 889791244775906735, guid: 07729694549aa264cb5d0a6e78c0d328,
        type: 3}
      propertyPath: m_LocalRotation.x
      value: -0
      objectReference: {fileID: 0}
    - target: {fileID: 889791244775906735, guid: 07729694549aa264cb5d0a6e78c0d328,
        type: 3}
      propertyPath: m_LocalRotation.y
      value: -0
      objectReference: {fileID: 0}
    - target: {fileID: 889791244775906735, guid: 07729694549aa264cb5d0a6e78c0d328,
        type: 3}
      propertyPath: m_LocalRotation.z
      value: -0
      objectReference: {fileID: 0}
    - target: {fileID: 889791244775906735, guid: 07729694549aa264cb5d0a6e78c0d328,
        type: 3}
      propertyPath: m_LocalRotation.w
      value: 1
      objectReference: {fileID: 0}
    - target: {fileID: 889791244775906735, guid: 07729694549aa264cb5d0a6e78c0d328,
        type: 3}
      propertyPath: m_RootOrder
      value: 3
      objectReference: {fileID: 0}
    - target: {fileID: 889791244775906735, guid: 07729694549aa264cb5d0a6e78c0d328,
        type: 3}
      propertyPath: m_LocalEulerAnglesHint.x
      value: 0
      objectReference: {fileID: 0}
    - target: {fileID: 889791244775906735, guid: 07729694549aa264cb5d0a6e78c0d328,
        type: 3}
      propertyPath: m_LocalEulerAnglesHint.y
      value: 0
      objectReference: {fileID: 0}
    - target: {fileID: 889791244775906735, guid: 07729694549aa264cb5d0a6e78c0d328,
        type: 3}
      propertyPath: m_LocalEulerAnglesHint.z
      value: 0
      objectReference: {fileID: 0}
    m_RemovedComponents: []
  m_SourcePrefab: {fileID: 100100000, guid: 07729694549aa264cb5d0a6e78c0d328, type: 3}
--- !u!4 &3175433434775651597 stripped
Transform:
  m_CorrespondingSourceObject: {fileID: 889791244775906735, guid: 07729694549aa264cb5d0a6e78c0d328,
    type: 3}
  m_PrefabInstance: {fileID: 2326192281912957090}
  m_PrefabAsset: {fileID: 0}
--- !u!1001 &3259624501826976393
PrefabInstance:
  m_ObjectHideFlags: 0
  serializedVersion: 2
  m_Modification:
    m_TransformParent: {fileID: 2147500020955935198}
    m_Modifications:
    - target: {fileID: 8815489261426211773, guid: ddada0e1f0c34436b9709ce18f0cc0f7,
        type: 3}
      propertyPath: m_Name
      value: WallMonitor
      objectReference: {fileID: 0}
    - target: {fileID: 6250873680786399760, guid: ddada0e1f0c34436b9709ce18f0cc0f7,
        type: 3}
      propertyPath: m_LocalPosition.x
      value: -1.94
      objectReference: {fileID: 0}
    - target: {fileID: 6250873680786399760, guid: ddada0e1f0c34436b9709ce18f0cc0f7,
        type: 3}
      propertyPath: m_LocalPosition.y
      value: 3.18
      objectReference: {fileID: 0}
    - target: {fileID: 6250873680786399760, guid: ddada0e1f0c34436b9709ce18f0cc0f7,
        type: 3}
      propertyPath: m_LocalPosition.z
      value: 5.3707724
      objectReference: {fileID: 0}
    - target: {fileID: 6250873680786399760, guid: ddada0e1f0c34436b9709ce18f0cc0f7,
        type: 3}
      propertyPath: m_LocalRotation.x
      value: -0
      objectReference: {fileID: 0}
    - target: {fileID: 6250873680786399760, guid: ddada0e1f0c34436b9709ce18f0cc0f7,
        type: 3}
      propertyPath: m_LocalRotation.y
      value: -0
      objectReference: {fileID: 0}
    - target: {fileID: 6250873680786399760, guid: ddada0e1f0c34436b9709ce18f0cc0f7,
        type: 3}
      propertyPath: m_LocalRotation.z
      value: -0
      objectReference: {fileID: 0}
    - target: {fileID: 6250873680786399760, guid: ddada0e1f0c34436b9709ce18f0cc0f7,
        type: 3}
      propertyPath: m_LocalRotation.w
      value: 1
      objectReference: {fileID: 0}
    - target: {fileID: 6250873680786399760, guid: ddada0e1f0c34436b9709ce18f0cc0f7,
        type: 3}
      propertyPath: m_RootOrder
      value: 0
      objectReference: {fileID: 0}
    - target: {fileID: 6250873680786399760, guid: ddada0e1f0c34436b9709ce18f0cc0f7,
        type: 3}
      propertyPath: m_LocalEulerAnglesHint.x
      value: 0
      objectReference: {fileID: 0}
    - target: {fileID: 6250873680786399760, guid: ddada0e1f0c34436b9709ce18f0cc0f7,
        type: 3}
      propertyPath: m_LocalEulerAnglesHint.y
      value: 0
      objectReference: {fileID: 0}
    - target: {fileID: 6250873680786399760, guid: ddada0e1f0c34436b9709ce18f0cc0f7,
        type: 3}
      propertyPath: m_LocalEulerAnglesHint.z
      value: 0
      objectReference: {fileID: 0}
    - target: {fileID: 3911160621079002548, guid: ddada0e1f0c34436b9709ce18f0cc0f7,
        type: 3}
      propertyPath: m_Mesh
      value: 
      objectReference: {fileID: 0}
    - target: {fileID: 5502987367810259128, guid: ddada0e1f0c34436b9709ce18f0cc0f7,
        type: 3}
      propertyPath: m_text
      value: 'Repeat

        Test

        REPEAT'
      objectReference: {fileID: 0}
    - target: {fileID: 5502987367810259128, guid: ddada0e1f0c34436b9709ce18f0cc0f7,
        type: 3}
      propertyPath: m_textInfo.characterCount
      value: 18
      objectReference: {fileID: 0}
    - target: {fileID: 5502987367810259128, guid: ddada0e1f0c34436b9709ce18f0cc0f7,
        type: 3}
      propertyPath: m_textInfo.spaceCount
      value: 2
      objectReference: {fileID: 0}
    - target: {fileID: 5502987367810259128, guid: ddada0e1f0c34436b9709ce18f0cc0f7,
        type: 3}
      propertyPath: m_textInfo.wordCount
      value: 3
      objectReference: {fileID: 0}
    - target: {fileID: 5502987367810259128, guid: ddada0e1f0c34436b9709ce18f0cc0f7,
        type: 3}
      propertyPath: m_textInfo.lineCount
      value: 3
      objectReference: {fileID: 0}
    - target: {fileID: 5191593544619671240, guid: ddada0e1f0c34436b9709ce18f0cc0f7,
        type: 3}
      propertyPath: m_Materials.Array.data[0]
      value: 
      objectReference: {fileID: 2100000, guid: c3cd923b1675ad141bfd8598fa5bf568, type: 2}
    m_RemovedComponents: []
  m_SourcePrefab: {fileID: 100100000, guid: ddada0e1f0c34436b9709ce18f0cc0f7, type: 3}
--- !u!4 &8899978491451332761 stripped
Transform:
  m_CorrespondingSourceObject: {fileID: 6250873680786399760, guid: ddada0e1f0c34436b9709ce18f0cc0f7,
    type: 3}
  m_PrefabInstance: {fileID: 3259624501826976393}
  m_PrefabAsset: {fileID: 0}
--- !u!1001 &3304094614885529262
PrefabInstance:
  m_ObjectHideFlags: 0
  serializedVersion: 2
  m_Modification:
    m_TransformParent: {fileID: 2147500020955935198}
    m_Modifications:
    - target: {fileID: 588781980962155651, guid: fc3a146ee4cbf49e48dedd3050c4822c,
        type: 3}
      propertyPath: m_Name
      value: ChapterText
      objectReference: {fileID: 0}
    - target: {fileID: 4199554308417556249, guid: fc3a146ee4cbf49e48dedd3050c4822c,
        type: 3}
      propertyPath: m_LocalPosition.x
      value: 2.4348145
      objectReference: {fileID: 0}
    - target: {fileID: 4199554308417556249, guid: fc3a146ee4cbf49e48dedd3050c4822c,
        type: 3}
      propertyPath: m_LocalPosition.y
      value: 0
      objectReference: {fileID: 0}
    - target: {fileID: 4199554308417556249, guid: fc3a146ee4cbf49e48dedd3050c4822c,
        type: 3}
      propertyPath: m_LocalPosition.z
      value: 0.6
      objectReference: {fileID: 0}
    - target: {fileID: 4199554308417556249, guid: fc3a146ee4cbf49e48dedd3050c4822c,
        type: 3}
      propertyPath: m_LocalRotation.x
      value: 0.23754703
      objectReference: {fileID: 0}
    - target: {fileID: 4199554308417556249, guid: fc3a146ee4cbf49e48dedd3050c4822c,
        type: 3}
      propertyPath: m_LocalRotation.y
      value: -6.048551e-10
      objectReference: {fileID: 0}
    - target: {fileID: 4199554308417556249, guid: fc3a146ee4cbf49e48dedd3050c4822c,
        type: 3}
      propertyPath: m_LocalRotation.z
      value: 0.000000009420803
      objectReference: {fileID: 0}
    - target: {fileID: 4199554308417556249, guid: fc3a146ee4cbf49e48dedd3050c4822c,
        type: 3}
      propertyPath: m_LocalRotation.w
      value: 0.97137606
      objectReference: {fileID: 0}
    - target: {fileID: 4199554308417556249, guid: fc3a146ee4cbf49e48dedd3050c4822c,
        type: 3}
      propertyPath: m_RootOrder
      value: 2
      objectReference: {fileID: 0}
    - target: {fileID: 4199554308417556249, guid: fc3a146ee4cbf49e48dedd3050c4822c,
        type: 3}
      propertyPath: m_LocalEulerAnglesHint.x
      value: 27.484001
      objectReference: {fileID: 0}
    - target: {fileID: 4199554308417556249, guid: fc3a146ee4cbf49e48dedd3050c4822c,
        type: 3}
      propertyPath: m_LocalEulerAnglesHint.y
      value: 0
      objectReference: {fileID: 0}
    - target: {fileID: 4199554308417556249, guid: fc3a146ee4cbf49e48dedd3050c4822c,
        type: 3}
      propertyPath: m_LocalEulerAnglesHint.z
      value: 0
      objectReference: {fileID: 0}
    - target: {fileID: 6914041737252352434, guid: fc3a146ee4cbf49e48dedd3050c4822c,
        type: 3}
      propertyPath: showAndWait
      value: 1
      objectReference: {fileID: 0}
    - target: {fileID: 8476937020673611461, guid: fc3a146ee4cbf49e48dedd3050c4822c,
        type: 3}
      propertyPath: m_Mesh
      value: 
      objectReference: {fileID: 0}
    - target: {fileID: 1597418496339630654, guid: fc3a146ee4cbf49e48dedd3050c4822c,
        type: 3}
      propertyPath: m_text
      value: 'The bre4k rO01om

'
      objectReference: {fileID: 0}
    - target: {fileID: 1597418496339630654, guid: fc3a146ee4cbf49e48dedd3050c4822c,
        type: 3}
      propertyPath: m_textInfo.characterCount
      value: 17
      objectReference: {fileID: 0}
    - target: {fileID: 1597418496339630654, guid: fc3a146ee4cbf49e48dedd3050c4822c,
        type: 3}
      propertyPath: m_textInfo.spaceCount
      value: 3
      objectReference: {fileID: 0}
    - target: {fileID: 1597418496339630654, guid: fc3a146ee4cbf49e48dedd3050c4822c,
        type: 3}
      propertyPath: m_textInfo.wordCount
      value: 3
      objectReference: {fileID: 0}
    - target: {fileID: 2939573593848382363, guid: fc3a146ee4cbf49e48dedd3050c4822c,
        type: 3}
      propertyPath: m_text
      value: Chapter 5x
      objectReference: {fileID: 0}
    - target: {fileID: 2939573593848382363, guid: fc3a146ee4cbf49e48dedd3050c4822c,
        type: 3}
      propertyPath: m_textInfo.characterCount
      value: 10
      objectReference: {fileID: 0}
    - target: {fileID: 3873158786853754244, guid: fc3a146ee4cbf49e48dedd3050c4822c,
        type: 3}
      propertyPath: m_Mesh
      value: 
      objectReference: {fileID: 0}
    m_RemovedComponents: []
  m_SourcePrefab: {fileID: 100100000, guid: fc3a146ee4cbf49e48dedd3050c4822c, type: 3}
--- !u!4 &1701605222997621175 stripped
Transform:
  m_CorrespondingSourceObject: {fileID: 4199554308417556249, guid: fc3a146ee4cbf49e48dedd3050c4822c,
    type: 3}
  m_PrefabInstance: {fileID: 3304094614885529262}
  m_PrefabAsset: {fileID: 0}
--- !u!1001 &3538132897691853880
PrefabInstance:
  m_ObjectHideFlags: 0
  serializedVersion: 2
  m_Modification:
    m_TransformParent: {fileID: 2147500020955935198}
    m_Modifications:
    - target: {fileID: 7222378659213646929, guid: 07729694549aa264cb5d0a6e78c0d328,
        type: 3}
      propertyPath: m_Name
      value: Plant (6)
      objectReference: {fileID: 0}
    - target: {fileID: 889791244775906735, guid: 07729694549aa264cb5d0a6e78c0d328,
        type: 3}
      propertyPath: m_LocalPosition.x
      value: 3.75
      objectReference: {fileID: 0}
    - target: {fileID: 889791244775906735, guid: 07729694549aa264cb5d0a6e78c0d328,
        type: 3}
      propertyPath: m_LocalPosition.y
      value: 0.08
      objectReference: {fileID: 0}
    - target: {fileID: 889791244775906735, guid: 07729694549aa264cb5d0a6e78c0d328,
        type: 3}
      propertyPath: m_LocalPosition.z
      value: 1.8
      objectReference: {fileID: 0}
    - target: {fileID: 889791244775906735, guid: 07729694549aa264cb5d0a6e78c0d328,
        type: 3}
      propertyPath: m_LocalRotation.x
      value: -0
      objectReference: {fileID: 0}
    - target: {fileID: 889791244775906735, guid: 07729694549aa264cb5d0a6e78c0d328,
        type: 3}
      propertyPath: m_LocalRotation.y
      value: -0
      objectReference: {fileID: 0}
    - target: {fileID: 889791244775906735, guid: 07729694549aa264cb5d0a6e78c0d328,
        type: 3}
      propertyPath: m_LocalRotation.z
      value: -0
      objectReference: {fileID: 0}
    - target: {fileID: 889791244775906735, guid: 07729694549aa264cb5d0a6e78c0d328,
        type: 3}
      propertyPath: m_LocalRotation.w
      value: 1
      objectReference: {fileID: 0}
    - target: {fileID: 889791244775906735, guid: 07729694549aa264cb5d0a6e78c0d328,
        type: 3}
      propertyPath: m_RootOrder
      value: 9
      objectReference: {fileID: 0}
    - target: {fileID: 889791244775906735, guid: 07729694549aa264cb5d0a6e78c0d328,
        type: 3}
      propertyPath: m_LocalEulerAnglesHint.x
      value: 0
      objectReference: {fileID: 0}
    - target: {fileID: 889791244775906735, guid: 07729694549aa264cb5d0a6e78c0d328,
        type: 3}
      propertyPath: m_LocalEulerAnglesHint.y
      value: 0
      objectReference: {fileID: 0}
    - target: {fileID: 889791244775906735, guid: 07729694549aa264cb5d0a6e78c0d328,
        type: 3}
      propertyPath: m_LocalEulerAnglesHint.z
      value: 0
      objectReference: {fileID: 0}
    m_RemovedComponents: []
  m_SourcePrefab: {fileID: 100100000, guid: 07729694549aa264cb5d0a6e78c0d328, type: 3}
--- !u!4 &4413762328379865495 stripped
Transform:
  m_CorrespondingSourceObject: {fileID: 889791244775906735, guid: 07729694549aa264cb5d0a6e78c0d328,
    type: 3}
  m_PrefabInstance: {fileID: 3538132897691853880}
  m_PrefabAsset: {fileID: 0}
--- !u!1001 &4101061913429265440
PrefabInstance:
  m_ObjectHideFlags: 0
  serializedVersion: 2
  m_Modification:
    m_TransformParent: {fileID: 4051698318327951524}
    m_Modifications:
    - target: {fileID: 858725458636256611, guid: f7c3b94c5abfccf49a08b5dafd4888f2,
        type: 3}
      propertyPath: m_Name
      value: BoatLampRed
      objectReference: {fileID: 0}
    - target: {fileID: 5417373216943565246, guid: f7c3b94c5abfccf49a08b5dafd4888f2,
        type: 3}
      propertyPath: m_LocalPosition.x
      value: -2.8617437
      objectReference: {fileID: 0}
    - target: {fileID: 5417373216943565246, guid: f7c3b94c5abfccf49a08b5dafd4888f2,
        type: 3}
      propertyPath: m_LocalPosition.y
      value: 0.0072064516
      objectReference: {fileID: 0}
    - target: {fileID: 5417373216943565246, guid: f7c3b94c5abfccf49a08b5dafd4888f2,
        type: 3}
      propertyPath: m_LocalPosition.z
      value: -4.991634
      objectReference: {fileID: 0}
    - target: {fileID: 5417373216943565246, guid: f7c3b94c5abfccf49a08b5dafd4888f2,
        type: 3}
      propertyPath: m_LocalRotation.x
      value: 0.684491
      objectReference: {fileID: 0}
    - target: {fileID: 5417373216943565246, guid: f7c3b94c5abfccf49a08b5dafd4888f2,
        type: 3}
      propertyPath: m_LocalRotation.y
      value: -0.17740378
      objectReference: {fileID: 0}
    - target: {fileID: 5417373216943565246, guid: f7c3b94c5abfccf49a08b5dafd4888f2,
        type: 3}
      propertyPath: m_LocalRotation.z
      value: -0.17740378
      objectReference: {fileID: 0}
    - target: {fileID: 5417373216943565246, guid: f7c3b94c5abfccf49a08b5dafd4888f2,
        type: 3}
      propertyPath: m_LocalRotation.w
      value: -0.684491
      objectReference: {fileID: 0}
    - target: {fileID: 5417373216943565246, guid: f7c3b94c5abfccf49a08b5dafd4888f2,
        type: 3}
      propertyPath: m_RootOrder
      value: 3
      objectReference: {fileID: 0}
    - target: {fileID: 5417373216943565246, guid: f7c3b94c5abfccf49a08b5dafd4888f2,
        type: 3}
      propertyPath: m_LocalEulerAnglesHint.x
      value: 270
      objectReference: {fileID: 0}
    - target: {fileID: 5417373216943565246, guid: f7c3b94c5abfccf49a08b5dafd4888f2,
        type: 3}
      propertyPath: m_LocalEulerAnglesHint.y
      value: 29.06
      objectReference: {fileID: 0}
    - target: {fileID: 5417373216943565246, guid: f7c3b94c5abfccf49a08b5dafd4888f2,
        type: 3}
      propertyPath: m_LocalEulerAnglesHint.z
      value: 0
      objectReference: {fileID: 0}
    - target: {fileID: 5417373216943565246, guid: f7c3b94c5abfccf49a08b5dafd4888f2,
        type: 3}
      propertyPath: m_LocalScale.x
      value: 1.4081067
      objectReference: {fileID: 0}
    - target: {fileID: 5417373216943565246, guid: f7c3b94c5abfccf49a08b5dafd4888f2,
        type: 3}
      propertyPath: m_LocalScale.y
      value: 0.90504277
      objectReference: {fileID: 0}
    - target: {fileID: 5417373216943565246, guid: f7c3b94c5abfccf49a08b5dafd4888f2,
        type: 3}
      propertyPath: m_LocalScale.z
      value: 0.23366968
      objectReference: {fileID: 0}
    m_RemovedComponents: []
  m_SourcePrefab: {fileID: 100100000, guid: f7c3b94c5abfccf49a08b5dafd4888f2, type: 3}
--- !u!1001 &4621156326124613840
PrefabInstance:
  m_ObjectHideFlags: 0
  serializedVersion: 2
  m_Modification:
    m_TransformParent: {fileID: 2147500020955935198}
    m_Modifications:
    - target: {fileID: 7222378659213646929, guid: 07729694549aa264cb5d0a6e78c0d328,
        type: 3}
      propertyPath: m_Name
      value: Plant (1)
      objectReference: {fileID: 0}
    - target: {fileID: 889791244775906735, guid: 07729694549aa264cb5d0a6e78c0d328,
        type: 3}
      propertyPath: m_LocalPosition.x
      value: -2.83
      objectReference: {fileID: 0}
    - target: {fileID: 889791244775906735, guid: 07729694549aa264cb5d0a6e78c0d328,
        type: 3}
      propertyPath: m_LocalPosition.y
      value: 0.08
      objectReference: {fileID: 0}
    - target: {fileID: 889791244775906735, guid: 07729694549aa264cb5d0a6e78c0d328,
        type: 3}
      propertyPath: m_LocalPosition.z
      value: 4.17
      objectReference: {fileID: 0}
    - target: {fileID: 889791244775906735, guid: 07729694549aa264cb5d0a6e78c0d328,
        type: 3}
      propertyPath: m_LocalRotation.x
      value: -0
      objectReference: {fileID: 0}
    - target: {fileID: 889791244775906735, guid: 07729694549aa264cb5d0a6e78c0d328,
        type: 3}
      propertyPath: m_LocalRotation.y
      value: -0
      objectReference: {fileID: 0}
    - target: {fileID: 889791244775906735, guid: 07729694549aa264cb5d0a6e78c0d328,
        type: 3}
      propertyPath: m_LocalRotation.z
      value: -0
      objectReference: {fileID: 0}
    - target: {fileID: 889791244775906735, guid: 07729694549aa264cb5d0a6e78c0d328,
        type: 3}
      propertyPath: m_LocalRotation.w
      value: 1
      objectReference: {fileID: 0}
    - target: {fileID: 889791244775906735, guid: 07729694549aa264cb5d0a6e78c0d328,
        type: 3}
      propertyPath: m_RootOrder
      value: 4
      objectReference: {fileID: 0}
    - target: {fileID: 889791244775906735, guid: 07729694549aa264cb5d0a6e78c0d328,
        type: 3}
      propertyPath: m_LocalEulerAnglesHint.x
      value: 0
      objectReference: {fileID: 0}
    - target: {fileID: 889791244775906735, guid: 07729694549aa264cb5d0a6e78c0d328,
        type: 3}
      propertyPath: m_LocalEulerAnglesHint.y
      value: 0
      objectReference: {fileID: 0}
    - target: {fileID: 889791244775906735, guid: 07729694549aa264cb5d0a6e78c0d328,
        type: 3}
      propertyPath: m_LocalEulerAnglesHint.z
      value: 0
      objectReference: {fileID: 0}
    m_RemovedComponents: []
  m_SourcePrefab: {fileID: 100100000, guid: 07729694549aa264cb5d0a6e78c0d328, type: 3}
--- !u!4 &5510305180558175615 stripped
Transform:
  m_CorrespondingSourceObject: {fileID: 889791244775906735, guid: 07729694549aa264cb5d0a6e78c0d328,
    type: 3}
  m_PrefabInstance: {fileID: 4621156326124613840}
  m_PrefabAsset: {fileID: 0}
--- !u!1001 &5458362554448904603
PrefabInstance:
  m_ObjectHideFlags: 0
  serializedVersion: 2
  m_Modification:
    m_TransformParent: {fileID: 2147500020955935198}
    m_Modifications:
    - target: {fileID: 5794993288590275663, guid: 5ef17dc7d8984bb4e89dc2154b1a2ce3,
        type: 3}
      propertyPath: m_Name
      value: GlassWall
      objectReference: {fileID: 0}
    - target: {fileID: 928707624730873227, guid: 5ef17dc7d8984bb4e89dc2154b1a2ce3,
        type: 3}
      propertyPath: m_LocalPosition.x
      value: -3.46
      objectReference: {fileID: 0}
    - target: {fileID: 928707624730873227, guid: 5ef17dc7d8984bb4e89dc2154b1a2ce3,
        type: 3}
      propertyPath: m_LocalPosition.y
      value: 0.13547
      objectReference: {fileID: 0}
    - target: {fileID: 928707624730873227, guid: 5ef17dc7d8984bb4e89dc2154b1a2ce3,
        type: 3}
      propertyPath: m_LocalPosition.z
      value: 0.77
      objectReference: {fileID: 0}
    - target: {fileID: 928707624730873227, guid: 5ef17dc7d8984bb4e89dc2154b1a2ce3,
        type: 3}
      propertyPath: m_LocalRotation.x
      value: -0
      objectReference: {fileID: 0}
    - target: {fileID: 928707624730873227, guid: 5ef17dc7d8984bb4e89dc2154b1a2ce3,
        type: 3}
      propertyPath: m_LocalRotation.y
      value: -0
      objectReference: {fileID: 0}
    - target: {fileID: 928707624730873227, guid: 5ef17dc7d8984bb4e89dc2154b1a2ce3,
        type: 3}
      propertyPath: m_LocalRotation.z
      value: -0
      objectReference: {fileID: 0}
    - target: {fileID: 928707624730873227, guid: 5ef17dc7d8984bb4e89dc2154b1a2ce3,
        type: 3}
      propertyPath: m_LocalRotation.w
      value: 1
      objectReference: {fileID: 0}
    - target: {fileID: 928707624730873227, guid: 5ef17dc7d8984bb4e89dc2154b1a2ce3,
        type: 3}
      propertyPath: m_RootOrder
      value: 10
      objectReference: {fileID: 0}
    - target: {fileID: 928707624730873227, guid: 5ef17dc7d8984bb4e89dc2154b1a2ce3,
        type: 3}
      propertyPath: m_LocalEulerAnglesHint.x
      value: 0
      objectReference: {fileID: 0}
    - target: {fileID: 928707624730873227, guid: 5ef17dc7d8984bb4e89dc2154b1a2ce3,
        type: 3}
      propertyPath: m_LocalEulerAnglesHint.y
      value: 0
      objectReference: {fileID: 0}
    - target: {fileID: 928707624730873227, guid: 5ef17dc7d8984bb4e89dc2154b1a2ce3,
        type: 3}
      propertyPath: m_LocalEulerAnglesHint.z
      value: 0
      objectReference: {fileID: 0}
    - target: {fileID: 928707624730873227, guid: 5ef17dc7d8984bb4e89dc2154b1a2ce3,
        type: 3}
      propertyPath: m_LocalScale.x
      value: 0.85
      objectReference: {fileID: 0}
    - target: {fileID: 928707624730873227, guid: 5ef17dc7d8984bb4e89dc2154b1a2ce3,
        type: 3}
      propertyPath: m_LocalScale.y
      value: 0.6
      objectReference: {fileID: 0}
    - target: {fileID: 4385082635552234051, guid: 5ef17dc7d8984bb4e89dc2154b1a2ce3,
        type: 3}
      propertyPath: m_CastShadows
      value: 1
      objectReference: {fileID: 0}
    m_RemovedComponents: []
  m_SourcePrefab: {fileID: 100100000, guid: 5ef17dc7d8984bb4e89dc2154b1a2ce3, type: 3}
--- !u!4 &5142144822647147536 stripped
Transform:
  m_CorrespondingSourceObject: {fileID: 928707624730873227, guid: 5ef17dc7d8984bb4e89dc2154b1a2ce3,
    type: 3}
  m_PrefabInstance: {fileID: 5458362554448904603}
  m_PrefabAsset: {fileID: 0}
--- !u!1001 &6259194669942133529
PrefabInstance:
  m_ObjectHideFlags: 0
  serializedVersion: 2
  m_Modification:
    m_TransformParent: {fileID: 2147500020955935198}
    m_Modifications:
    - target: {fileID: 489463596238943507, guid: 95cd2066714ed6644bc301c4972c847c,
        type: 3}
      propertyPath: m_Name
      value: CeilingFan
      objectReference: {fileID: 0}
    - target: {fileID: 3499777761178306304, guid: 95cd2066714ed6644bc301c4972c847c,
        type: 3}
      propertyPath: m_LocalPosition.x
      value: 0.48033392
      objectReference: {fileID: 0}
    - target: {fileID: 3499777761178306304, guid: 95cd2066714ed6644bc301c4972c847c,
        type: 3}
      propertyPath: m_LocalPosition.y
      value: 3.69
      objectReference: {fileID: 0}
    - target: {fileID: 3499777761178306304, guid: 95cd2066714ed6644bc301c4972c847c,
        type: 3}
      propertyPath: m_LocalPosition.z
      value: 1.09
      objectReference: {fileID: 0}
    - target: {fileID: 3499777761178306304, guid: 95cd2066714ed6644bc301c4972c847c,
        type: 3}
      propertyPath: m_LocalRotation.x
      value: -0
      objectReference: {fileID: 0}
    - target: {fileID: 3499777761178306304, guid: 95cd2066714ed6644bc301c4972c847c,
        type: 3}
      propertyPath: m_LocalRotation.y
      value: -0
      objectReference: {fileID: 0}
    - target: {fileID: 3499777761178306304, guid: 95cd2066714ed6644bc301c4972c847c,
        type: 3}
      propertyPath: m_LocalRotation.z
      value: -0
      objectReference: {fileID: 0}
    - target: {fileID: 3499777761178306304, guid: 95cd2066714ed6644bc301c4972c847c,
        type: 3}
      propertyPath: m_LocalRotation.w
      value: 1
      objectReference: {fileID: 0}
    - target: {fileID: 3499777761178306304, guid: 95cd2066714ed6644bc301c4972c847c,
        type: 3}
      propertyPath: m_RootOrder
      value: 1
      objectReference: {fileID: 0}
    - target: {fileID: 3499777761178306304, guid: 95cd2066714ed6644bc301c4972c847c,
        type: 3}
      propertyPath: m_LocalEulerAnglesHint.x
      value: 0
      objectReference: {fileID: 0}
    - target: {fileID: 3499777761178306304, guid: 95cd2066714ed6644bc301c4972c847c,
        type: 3}
      propertyPath: m_LocalEulerAnglesHint.y
      value: 0
      objectReference: {fileID: 0}
    - target: {fileID: 3499777761178306304, guid: 95cd2066714ed6644bc301c4972c847c,
        type: 3}
      propertyPath: m_LocalEulerAnglesHint.z
      value: 0
      objectReference: {fileID: 0}
    - target: {fileID: 952165162569242763, guid: 95cd2066714ed6644bc301c4972c847c,
        type: 3}
      propertyPath: speed
      value: 60
      objectReference: {fileID: 0}
    m_RemovedComponents: []
  m_SourcePrefab: {fileID: 100100000, guid: 95cd2066714ed6644bc301c4972c847c, type: 3}
--- !u!4 &7371430753658410009 stripped
Transform:
  m_CorrespondingSourceObject: {fileID: 3499777761178306304, guid: 95cd2066714ed6644bc301c4972c847c,
    type: 3}
  m_PrefabInstance: {fileID: 6259194669942133529}
  m_PrefabAsset: {fileID: 0}
--- !u!4 &4051698318327951524 stripped
Transform:
  m_CorrespondingSourceObject: {fileID: 7991538877348668349, guid: 95cd2066714ed6644bc301c4972c847c,
    type: 3}
  m_PrefabInstance: {fileID: 6259194669942133529}
  m_PrefabAsset: {fileID: 0}
--- !u!1001 &6526317100391830314
PrefabInstance:
  m_ObjectHideFlags: 0
  serializedVersion: 2
  m_Modification:
    m_TransformParent: {fileID: 4051698318327951524}
    m_Modifications:
    - target: {fileID: 858725458636256611, guid: f7c3b94c5abfccf49a08b5dafd4888f2,
        type: 3}
      propertyPath: m_Name
      value: BoatLampRed (2)
      objectReference: {fileID: 0}
    - target: {fileID: 5417373216943565246, guid: f7c3b94c5abfccf49a08b5dafd4888f2,
        type: 3}
      propertyPath: m_LocalPosition.x
      value: 5.9
      objectReference: {fileID: 0}
    - target: {fileID: 5417373216943565246, guid: f7c3b94c5abfccf49a08b5dafd4888f2,
        type: 3}
      propertyPath: m_LocalPosition.y
      value: 0.01
      objectReference: {fileID: 0}
    - target: {fileID: 5417373216943565246, guid: f7c3b94c5abfccf49a08b5dafd4888f2,
        type: 3}
      propertyPath: m_LocalPosition.z
      value: -0.02
      objectReference: {fileID: 0}
    - target: {fileID: 5417373216943565246, guid: f7c3b94c5abfccf49a08b5dafd4888f2,
        type: 3}
      propertyPath: m_LocalRotation.x
      value: 0.5
      objectReference: {fileID: 0}
    - target: {fileID: 5417373216943565246, guid: f7c3b94c5abfccf49a08b5dafd4888f2,
        type: 3}
      propertyPath: m_LocalRotation.y
      value: -0.5
      objectReference: {fileID: 0}
    - target: {fileID: 5417373216943565246, guid: f7c3b94c5abfccf49a08b5dafd4888f2,
        type: 3}
      propertyPath: m_LocalRotation.z
      value: -0.5
      objectReference: {fileID: 0}
    - target: {fileID: 5417373216943565246, guid: f7c3b94c5abfccf49a08b5dafd4888f2,
        type: 3}
      propertyPath: m_LocalRotation.w
      value: -0.5
      objectReference: {fileID: 0}
    - target: {fileID: 5417373216943565246, guid: f7c3b94c5abfccf49a08b5dafd4888f2,
        type: 3}
      propertyPath: m_RootOrder
      value: 5
      objectReference: {fileID: 0}
    - target: {fileID: 5417373216943565246, guid: f7c3b94c5abfccf49a08b5dafd4888f2,
        type: 3}
      propertyPath: m_LocalEulerAnglesHint.x
      value: 270
      objectReference: {fileID: 0}
    - target: {fileID: 5417373216943565246, guid: f7c3b94c5abfccf49a08b5dafd4888f2,
        type: 3}
      propertyPath: m_LocalEulerAnglesHint.y
      value: 90
      objectReference: {fileID: 0}
    - target: {fileID: 5417373216943565246, guid: f7c3b94c5abfccf49a08b5dafd4888f2,
        type: 3}
      propertyPath: m_LocalEulerAnglesHint.z
      value: 0
      objectReference: {fileID: 0}
    - target: {fileID: 5417373216943565246, guid: f7c3b94c5abfccf49a08b5dafd4888f2,
        type: 3}
      propertyPath: m_LocalScale.x
      value: 1.4081067
      objectReference: {fileID: 0}
    - target: {fileID: 5417373216943565246, guid: f7c3b94c5abfccf49a08b5dafd4888f2,
        type: 3}
      propertyPath: m_LocalScale.y
      value: 0.90504277
      objectReference: {fileID: 0}
    - target: {fileID: 5417373216943565246, guid: f7c3b94c5abfccf49a08b5dafd4888f2,
        type: 3}
      propertyPath: m_LocalScale.z
      value: 0.23366968
      objectReference: {fileID: 0}
    m_RemovedComponents: []
  m_SourcePrefab: {fileID: 100100000, guid: f7c3b94c5abfccf49a08b5dafd4888f2, type: 3}
--- !u!1001 &7706558468167149456
PrefabInstance:
  m_ObjectHideFlags: 0
  serializedVersion: 2
  m_Modification:
    m_TransformParent: {fileID: 2147500020955935198}
    m_Modifications:
    - target: {fileID: 7222378659213646929, guid: 07729694549aa264cb5d0a6e78c0d328,
        type: 3}
      propertyPath: m_Name
      value: Plant (2)
      objectReference: {fileID: 0}
    - target: {fileID: 889791244775906735, guid: 07729694549aa264cb5d0a6e78c0d328,
        type: 3}
      propertyPath: m_LocalPosition.x
      value: -1.55
      objectReference: {fileID: 0}
    - target: {fileID: 889791244775906735, guid: 07729694549aa264cb5d0a6e78c0d328,
        type: 3}
      propertyPath: m_LocalPosition.y
      value: 0.08
      objectReference: {fileID: 0}
    - target: {fileID: 889791244775906735, guid: 07729694549aa264cb5d0a6e78c0d328,
        type: 3}
      propertyPath: m_LocalPosition.z
      value: 3.63
      objectReference: {fileID: 0}
    - target: {fileID: 889791244775906735, guid: 07729694549aa264cb5d0a6e78c0d328,
        type: 3}
      propertyPath: m_LocalRotation.x
      value: -0
      objectReference: {fileID: 0}
    - target: {fileID: 889791244775906735, guid: 07729694549aa264cb5d0a6e78c0d328,
        type: 3}
      propertyPath: m_LocalRotation.y
      value: -0
      objectReference: {fileID: 0}
    - target: {fileID: 889791244775906735, guid: 07729694549aa264cb5d0a6e78c0d328,
        type: 3}
      propertyPath: m_LocalRotation.z
      value: -0
      objectReference: {fileID: 0}
    - target: {fileID: 889791244775906735, guid: 07729694549aa264cb5d0a6e78c0d328,
        type: 3}
      propertyPath: m_LocalRotation.w
      value: 1
      objectReference: {fileID: 0}
    - target: {fileID: 889791244775906735, guid: 07729694549aa264cb5d0a6e78c0d328,
        type: 3}
      propertyPath: m_RootOrder
      value: 5
      objectReference: {fileID: 0}
    - target: {fileID: 889791244775906735, guid: 07729694549aa264cb5d0a6e78c0d328,
        type: 3}
      propertyPath: m_LocalEulerAnglesHint.x
      value: 0
      objectReference: {fileID: 0}
    - target: {fileID: 889791244775906735, guid: 07729694549aa264cb5d0a6e78c0d328,
        type: 3}
      propertyPath: m_LocalEulerAnglesHint.y
      value: 0
      objectReference: {fileID: 0}
    - target: {fileID: 889791244775906735, guid: 07729694549aa264cb5d0a6e78c0d328,
        type: 3}
      propertyPath: m_LocalEulerAnglesHint.z
      value: 0
      objectReference: {fileID: 0}
    m_RemovedComponents: []
  m_SourcePrefab: {fileID: 100100000, guid: 07729694549aa264cb5d0a6e78c0d328, type: 3}
--- !u!4 &7397758822598539839 stripped
Transform:
  m_CorrespondingSourceObject: {fileID: 889791244775906735, guid: 07729694549aa264cb5d0a6e78c0d328,
    type: 3}
  m_PrefabInstance: {fileID: 7706558468167149456}
  m_PrefabAsset: {fileID: 0}
--- !u!1001 &8641353073806995166
PrefabInstance:
  m_ObjectHideFlags: 0
  serializedVersion: 2
  m_Modification:
    m_TransformParent: {fileID: 2147500020955935198}
    m_Modifications:
    - target: {fileID: 7222378659213646929, guid: 07729694549aa264cb5d0a6e78c0d328,
        type: 3}
      propertyPath: m_Name
      value: Plant (3)
      objectReference: {fileID: 0}
    - target: {fileID: 889791244775906735, guid: 07729694549aa264cb5d0a6e78c0d328,
        type: 3}
      propertyPath: m_LocalPosition.x
      value: -0.17
      objectReference: {fileID: 0}
    - target: {fileID: 889791244775906735, guid: 07729694549aa264cb5d0a6e78c0d328,
        type: 3}
      propertyPath: m_LocalPosition.y
      value: 0.08
      objectReference: {fileID: 0}
    - target: {fileID: 889791244775906735, guid: 07729694549aa264cb5d0a6e78c0d328,
        type: 3}
      propertyPath: m_LocalPosition.z
      value: 3.05
      objectReference: {fileID: 0}
    - target: {fileID: 889791244775906735, guid: 07729694549aa264cb5d0a6e78c0d328,
        type: 3}
      propertyPath: m_LocalRotation.x
      value: -0
      objectReference: {fileID: 0}
    - target: {fileID: 889791244775906735, guid: 07729694549aa264cb5d0a6e78c0d328,
        type: 3}
      propertyPath: m_LocalRotation.y
      value: -0
      objectReference: {fileID: 0}
    - target: {fileID: 889791244775906735, guid: 07729694549aa264cb5d0a6e78c0d328,
        type: 3}
      propertyPath: m_LocalRotation.z
      value: -0
      objectReference: {fileID: 0}
    - target: {fileID: 889791244775906735, guid: 07729694549aa264cb5d0a6e78c0d328,
        type: 3}
      propertyPath: m_LocalRotation.w
      value: 1
      objectReference: {fileID: 0}
    - target: {fileID: 889791244775906735, guid: 07729694549aa264cb5d0a6e78c0d328,
        type: 3}
      propertyPath: m_RootOrder
      value: 6
      objectReference: {fileID: 0}
    - target: {fileID: 889791244775906735, guid: 07729694549aa264cb5d0a6e78c0d328,
        type: 3}
      propertyPath: m_LocalEulerAnglesHint.x
      value: 0
      objectReference: {fileID: 0}
    - target: {fileID: 889791244775906735, guid: 07729694549aa264cb5d0a6e78c0d328,
        type: 3}
      propertyPath: m_LocalEulerAnglesHint.y
      value: 0
      objectReference: {fileID: 0}
    - target: {fileID: 889791244775906735, guid: 07729694549aa264cb5d0a6e78c0d328,
        type: 3}
      propertyPath: m_LocalEulerAnglesHint.z
      value: 0
      objectReference: {fileID: 0}
    m_RemovedComponents: []
  m_SourcePrefab: {fileID: 100100000, guid: 07729694549aa264cb5d0a6e78c0d328, type: 3}
--- !u!4 &8914150583768724337 stripped
Transform:
  m_CorrespondingSourceObject: {fileID: 889791244775906735, guid: 07729694549aa264cb5d0a6e78c0d328,
    type: 3}
  m_PrefabInstance: {fileID: 8641353073806995166}
  m_PrefabAsset: {fileID: 0}
--- !u!1001 &8940133181778303266
PrefabInstance:
  m_ObjectHideFlags: 0
  serializedVersion: 2
  m_Modification:
    m_TransformParent: {fileID: 2147500020955935198}
    m_Modifications:
    - target: {fileID: 7222378659213646929, guid: 07729694549aa264cb5d0a6e78c0d328,
        type: 3}
      propertyPath: m_Name
      value: Plant (4)
      objectReference: {fileID: 0}
    - target: {fileID: 889791244775906735, guid: 07729694549aa264cb5d0a6e78c0d328,
        type: 3}
      propertyPath: m_LocalPosition.x
      value: 1.07
      objectReference: {fileID: 0}
    - target: {fileID: 889791244775906735, guid: 07729694549aa264cb5d0a6e78c0d328,
        type: 3}
      propertyPath: m_LocalPosition.y
      value: 0.08
      objectReference: {fileID: 0}
    - target: {fileID: 889791244775906735, guid: 07729694549aa264cb5d0a6e78c0d328,
        type: 3}
      propertyPath: m_LocalPosition.z
      value: 2.59
      objectReference: {fileID: 0}
    - target: {fileID: 889791244775906735, guid: 07729694549aa264cb5d0a6e78c0d328,
        type: 3}
      propertyPath: m_LocalRotation.x
      value: -0
      objectReference: {fileID: 0}
    - target: {fileID: 889791244775906735, guid: 07729694549aa264cb5d0a6e78c0d328,
        type: 3}
      propertyPath: m_LocalRotation.y
      value: -0
      objectReference: {fileID: 0}
    - target: {fileID: 889791244775906735, guid: 07729694549aa264cb5d0a6e78c0d328,
        type: 3}
      propertyPath: m_LocalRotation.z
      value: -0
      objectReference: {fileID: 0}
    - target: {fileID: 889791244775906735, guid: 07729694549aa264cb5d0a6e78c0d328,
        type: 3}
      propertyPath: m_LocalRotation.w
      value: 1
      objectReference: {fileID: 0}
    - target: {fileID: 889791244775906735, guid: 07729694549aa264cb5d0a6e78c0d328,
        type: 3}
      propertyPath: m_RootOrder
      value: 7
      objectReference: {fileID: 0}
    - target: {fileID: 889791244775906735, guid: 07729694549aa264cb5d0a6e78c0d328,
        type: 3}
      propertyPath: m_LocalEulerAnglesHint.x
      value: 0
      objectReference: {fileID: 0}
    - target: {fileID: 889791244775906735, guid: 07729694549aa264cb5d0a6e78c0d328,
        type: 3}
      propertyPath: m_LocalEulerAnglesHint.y
      value: 0
      objectReference: {fileID: 0}
    - target: {fileID: 889791244775906735, guid: 07729694549aa264cb5d0a6e78c0d328,
        type: 3}
      propertyPath: m_LocalEulerAnglesHint.z
      value: 0
      objectReference: {fileID: 0}
    m_RemovedComponents: []
  m_SourcePrefab: {fileID: 100100000, guid: 07729694549aa264cb5d0a6e78c0d328, type: 3}
--- !u!4 &8090883509210236045 stripped
Transform:
  m_CorrespondingSourceObject: {fileID: 889791244775906735, guid: 07729694549aa264cb5d0a6e78c0d328,
    type: 3}
  m_PrefabInstance: {fileID: 8940133181778303266}
  m_PrefabAsset: {fileID: 0}
